 Dungeon Crawl Stone Soup version 0.32-a0-314-g526f7d4993 (console) character file.

Game seed: 17523358372728629143

2 zenocrate the Sneak (level 1, 0/17 HPs)
             Began as a Vampire Delver on Feb 15, 2024.
             Slain by Grinder (3 damage)
             ... on level 3 of the Dungeon.
             The game lasted 00:00:31 (185 turns).

zenocrate the Sneak (Vampire Delver)                 Turns: 185, Time: 00:00:32

Health: 0/17       AC:  3    Str: 11    XL:     1   Next: 33%
Magic:  1/1        EV: 12    Int: 12    God:
Gold:   6          SH:  0    Dex: 15    Spells: 0/0 levels left

rFire   . . .        a - +0 short sword
rCold   . . .        (no shield)
rNeg    . . .        b - +0 leather armour
rPois   .            (no helmet)
rElec   .            (no cloak)
rCorr   .            (no gloves)
SInv    +            (no boots)
Will    .....        (no amulet)
Stlth   +++          (no ring)
HPRegen 0.42/turn    (no ring)
MPRegen 0.07/turn

%: no passive effects
@: healing quickly
A: alive, fangs 3, see invisible, vampiric 1
a: Exsanguinate


You were on level 3 of the Dungeon.
You visited 1 branch of the dungeon, and saw 3 of its levels.

You collected 6 gold pieces.

Inventory:

Hand Weapons
 a - a +0 short sword (weapon)
Armour
 b - a +0 leather armour (worn)
Wands
 g - a wand of digging (3)
Scrolls
 c - a scroll of fog
 d - a scroll of revelation
 e - a scroll of fear
Potions
 f - 2 potions of haste
 h - a potion of ambrosia {unknown}
 i - a potion of berserk rage {unknown}


   Skills:
 - Level 2.6 Fighting
 + Level 2.3 Short Blades
 + Level 2.3 Dodging
 + Level 7.3 Stealth


You couldn't memorise any spells.
You didn't know any spells.
Your spell library contained the following spells:

 Spells                   Type           Power      Damage    Failure   Level
 Ensorcelled Hibernation  Hex/Ice        0%         N/A       54%         2
 Fugue of the Fallen      Necr           0%         N/A       78%         3
 Anguish                  Hex/Necr       0%         N/A       99%         4


Dungeon Overview and Level Annotations

Branches:
Dungeon (5/15)
 Temple: D:4-7

Altars:

Annotations:
D:3 Grinder


Innate Abilities, Weirdness & Mutations

Your natural rate of healing is accelerated.
You have razor-sharp teeth.
You have supernaturally acute eyesight. (SInv)
You are afflicted with vampirism.


Message History

You kill the orc!
You see here a +0 dagger.
You now have 6 gold pieces.
Found a stone staircase leading up.
There is a stone staircase leading up here.
f - 2 potions of haste (gained 1)
Found a halberd.
Unknown command.
Found a stone staircase leading down.
No target in view!
There is a stone staircase leading down here.
i - a green potion No target in view!
There is a stone staircase leading up here.
You climb upwards.
There is a stone staircase leading down here.
Grinder comes into view.
Grinder is nearby!
Grinder is nearby!
Found a scroll labelled COS YSEIMOMPIY.
The helpless Grinder fails to defend herself.
You puncture Grinder!
Grinder is moderately wounded.
You hit Grinder.
Grinder is heavily wounded.
Grinder barely misses you.
You hit Grinder.
Grinder is heavily wounded.
Grinder barely misses you.
You hit Grinder but do no damage. You bite Grinder.
Grinder is heavily wounded.
Grinder hits you.
You writhe in agony.
Unknown command.
You barely miss Grinder. You bite Grinder.
Grinder is heavily wounded.
Grinder hits you.
* * * LOW HITPOINT WARNING * * *
You writhe in agony.
You die...
Grinder says, "Hey, I wasn't done torturing you yet!"

+......#### #.#
####.#########.##
#............#
#.############
##.# #..# ##.## .
##..#
....#..#####
............##
..#########.@#
##.5# ##.# .# ..
#.# .# ?#


You could see Grinder.

Vanquished Creatures
  An orc (D:4)
1 creature vanquished.

Notes
Turn   | Place    | Note
-------+----------+-------------------------------------------
     0 | D:5      | zenocrate the Vampire Delver began the quest for the Orb.
     0 | D:5      | Reached XP level 1. HP: 17/17 MP: 1/1
   175 | D:3      | Noticed Grinder
   185 | D:3      | Slain by Grinder

Illustrated notes

Levels and vault maps discovered:
D:3:      minmay_angry_zag, layout_basic, chequers_serial_rivers_micro_d,
          nicolae_half_adder, uniq_natasha, uniq_grinder
D:4:      layout_loops_cross, nicolae_vehumet_radiance
D:5:      layout_rooms, nicolae_wu_jian_immortal_techniques

Action                     || total
---------------------------++-------
  Melee: Short sword       ||     6
         Bite              ||     2
   Stab: Sleeping          ||     2
 Armour: Leather armour    ||     2
  Dodge: Dodged            ||     2

Table legend: (Time is in decaauts)
 A = Elapsed time spent in this place.
 B = Non-inter-level travel time spent in this place.
 C = Inter-level travel time spent in this place.
 D = Time resting spent in this place.
 E = Time spent auto-exploring this place.
 F = Levels seen in this place.
 G = Mean time per level.
                   A        B        C        D        E       F      G
               +--------+--------+--------+--------+--------+-----+--------+
         Total |    184 |    154 |     30 |      0 |    126 |   3 |   61.3 |
       Dungeon |    184 |    154 |     30 |      0 |    126 |   3 |   61.3 |
               +--------+--------+--------+--------+--------+-----+--------+

Top non-repeatable levels by time:
     D:4: 88 daAuts
     D:3: 49 daAuts
     D:5: 46 daAuts
